WCHLSIM.com - West Coast Hockey League
html PUBLIC "-//W3C//DTD XHTML 1.0 Transitional//EN" "http://www.w3.org/TR/xhtml1/DTD/xhtml1-transitional.dtd"> WCHL - Game 29 - VICTORIA GLADIATORS vs EDMONTON ICE

VICTORIA GLADIATORS vs EDMONTON ICE

Created - 15 novembre 2020 at 22:12

Goals
1 2 3 OT1 SO T
VICTORIA GLADIATORS 1 1 0 0 1 3
EDMONTON ICE 1 1 0 0 0 2
Shots
1 2 3 OT1 SO T
VICTORIA GLADIATORS 12 15 11 3 3 41
EDMONTON ICE 6 10 7 1 3 24

1st period

1. VICTORIA GLADIATORS , Jakub Voracek 1 (Tanner Pearson 1, Torey Krug 1) at 5:05 (PP)
2. EDMONTON ICE , Ryan O'Reilly 2 (Calvin De Haan 1) at 6:12

Penalties :
Jeff Petry (EDM) for Holding (Minor) at 0:18, Jack Johnson (EDM) for Holding (Minor) at 4:49

2nd period

3. EDMONTON ICE , Ryan O'Reilly 3 (Anthony Mantha 2, Timo Meier 1) at 1:42
4. VICTORIA GLADIATORS , Anze Kopitar 2 (Bryan Rust 3) at 5:26

Penalties :
Jeff Petry (EDM) for Hooking (Minor) at 8:58, Jack Johnson (EDM) for Hooking (Minor) at 11:52, Jeff Petry (EDM) for Tripping (Minor) at 12:39, Jack Johnson (EDM) for Interference (Minor) at 18:10

3rd period

No Goal

Penalties :
Joel Eriksson Ek (EDM) for Holding (Minor) at 1:48, Markus Nutivaara (EDM) for Holding Stick (Minor) at 7:45, Johan Larsson (VIC) for Interference (Minor) at 7:45

Overtime #1

No Goal

Penalties :
No Penalty

Shootout

VICTORIA GLADIATORS, Anze Kopitar - Stopped by Jake Allen
EDMONTON ICE, Ryan O'Reilly - Shot Misses the Net
VICTORIA GLADIATORS, Bryan Rust - Stopped by Jake Allen
EDMONTON ICE, Anthony Mantha - Stopped by Carter Hart
VICTORIA GLADIATORS, Kyle Connor - Goal!
EDMONTON ICE, Jaden Schwartz - Stopped by Carter Hart

Penalties :
No Penalty

Goalie Stats

Carter Hart (VIC), 22 saves from 24 shots - (0,917), W, 2-0-0, 65:00 minutes
Jake Allen (EDM), 39 saves from 41 shots - (0,951), OTL, 0-1-1, 65:00 minutes

Players Stats for VICTORIA GLADIATORS

Player Name              G  A  P  +/- PIM S  H  SB GA TA FO     MP     PP MP  PK MP  
------------------------------------------------------------------------------------
Alex Goligoski           0  0  0  -1  0   2  6  1  0  0  0/0    26:38   5:09   0:00 
Andrew Cogliano          0  0  0   0  0   0  0  0  0  0  1/1     3:42   0:00   0:00 
Anze Kopitar             1  0  1   0  0   6  5  0  0  0  13/35  25:48   5:21   0:00 
Bryan Rust               0  1  1   0  0   9  1  0  0  0  0/0    24:56   5:21   0:00 
Curtis Lazar             0  0  0   0  0   0  0  2  0  0  0/0     3:42   0:00   0:00 
Derek Grant              0  0  0   0  0   1  1  1  0  0  2/4     3:42   0:00   0:00 
Duncan Keith             0  0  0  -1  0   0  0  4  0  0  0/0    25:10   5:09   0:00 
Elias Lindholm           0  0  0   0  0   1  0  0  0  0  5/13   24:05   5:37   0:00 
Jakub Voracek            1  0  1   0  0   5  0  0  0  0  0/0    22:31   5:37   0:00 
Johan Larsson            0  0  0  -1  2   0  1  0  0  0  7/18   10:48   0:00   0:00 
Kyle Connor              0  0  0   0  0   9  3  0  0  0  0/0    25:44   5:21   0:00 
Marco Scandella          0  0  0   0  0   0  0  2  0  0  0/0    13:56   0:00   0:00 
Mattias Janmark          0  0  0  -1  0   0  0  0  0  0  0/1    10:49   0:00   0:00 
Nick Holden              0  0  0   0  0   1  1  0  0  0  0/0    13:56   0:00   0:00 
Nikita Zaitsev           0  0  0   0  0   0  2  1  0  0  0/0    21:36   5:49   0:00 
Tanner Pearson           0  1  1  -1  0   5  2  0  0  0  0/1    16:26   5:37   0:00 
Torey Krug               0  1  1   0  0   0  0  2  0  0  0/0    23:44   5:49   0:00 
Vincent Trocheck         0  0  0   0  0   2  3  1  0  0  7/19   15:47   0:00   0:00 

Players Stats for EDMONTON ICE

Player Name              G  A  P  +/- PIM S  H  SB GA TA FO     MP     PP MP  PK MP  
------------------------------------------------------------------------------------
Anthony Mantha           0  1  1   1  0   3  1  0  0  0  0/0    20:04   0:00   0:00 
Boone Jenner             0  0  0   0  0   0  2  0  0  0  16/25  17:22   0:00   6:42 
Brendan Perlini          0  0  0   0  0   0  0  0  0  0  0/0     3:36   0:00   0:00 
Calvin De Haan           0  1  1   2  0   0  2  0  0  0  0/0    18:29   0:00   5:34 
Colton Parayko           0  0  0   0  0   1  2  4  0  0  0/0    23:19   0:00   5:03 
Ivan Barbashev           0  0  0   0  0   0  0  0  0  0  2/3     3:36   0:00   0:00 
Jack Johnson             0  0  0   0  6   1  1  3  0  0  0/0    19:33   0:00   3:01 
Jaden Schwartz           0  0  0   0  0   4  0  0  0  0  1/3    18:08   0:00   0:00 
Jeff Petry               0  0  0  -1  6   1  3  1  0  0  0/0    25:46   0:00   2:32 
Joel Eriksson Ek         0  0  0   0  2   1  1  0  0  0  1/2    15:31   0:00   0:00 
Markus Nutivaara         0  0  0   2  2   0  2  0  0  0  0/0    13:46   0:00   0:52 
Mathieu Perreault        0  0  0   0  0   0  0  1  0  0  0/0     7:19   0:00   3:43 
Mikko Koivu              0  0  0   0  0   3  0  2  0  0  19/27  20:13   0:00   4:16 
Ondrej Kase              0  0  0   0  0   2  0  0  0  0  0/1    16:55   0:00   6:03 
Patric Hornqvist         0  0  0   0  0   2  2  0  0  0  0/0    10:40   0:00   0:00 
Ryan O'Reilly            2  0  2   1  0   4  0  1  0  0  18/27  21:26   0:00   0:00 
Shea Theodore            0  0  0  -1  0   0  0  2  0  0  0/0    24:00   0:00   4:53 
Timo Meier               0  1  1   1  0   2  2  0  0  0  0/4    21:00   0:00   0:00 

3 Stars

1 - Ryan O'Reilly (EDM)
2 - Jake Allen (EDM)
3 - Anze Kopitar (VIC)

Power Play

VICTORIA GLADIATORS - 1 on 7 Attempt(s) - 14,29%
EDMONTON ICE - 0 on 0 Attempt(s) - 0,00%

Penalty Kill

VICTORIA GLADIATORS - 0 on 0 Attempt(s) - 0,00% - Score 0 goal in Penalty Kill
EDMONTON ICE - 6 on 7 Attempt(s) - 85,71% - Score 0 goal in Penalty Kill

Team Stat

VICTORIA GLADIATORS - Hits : 25 - Faceoff Wins : 35 - Blocked Shots : 14 - Penalty Minutes : 2
EDMONTON ICE - Hits : 18 - Faceoff Wins : 57 - Blocked Shots : 14 - Penalty Minutes : 16

Official

Referees : Tom Chmielewski and Ryan Hersey
Linesman : Scott Driscoll and Luke Murray

Game Notes

No Game Note

Finance

Level 1 -- Attendance: 4345 (72,42%) -- Ticket Income 825 550 $
Level 2 -- Attendance: 3532 (70,64%) -- Ticket Income 441 500 $
Level 3 -- Attendance: 1450 (72,50%) -- Ticket Income 145 000 $
Level 4 -- Attendance: 2675 (44,58%) -- Ticket Income 173 875 $
Luxury Box -- Attendance: 697 (69,70%) -- Ticket Income 236 980 $
Total Attendance: 12699 (63,50%)
Total Ticket Income: 1 822 905 $
Other Income: 638 017 $
Total Income: 2 460 922 $

VICTORIA GLADIATORS

5 vs 5 Forward 
   Center                   Left Wing                Right Wing               Time % Phy DF OF 
 1 Anze Kopitar             Kyle Connor              Bryan Rust               36     0   2  3  
 2 Vincent Trocheck         Jakub Voracek            Elias Lindholm           32     0   2  3  
 3 Johan Larsson            Tanner Pearson           Mattias Janmark          24     1   2  2  
 4 Derek Grant              Andrew Cogliano          Curtis Lazar             8      1   2  2  

5 vs 5 Defense 
   Defense                  Defense                                           Time % Phy DF OF 
 1 Duncan Keith             Alex Goligoski                                    36     1   2  2  
 2 Torey Krug               Nikita Zaitsev                                    32     1   2  2  
 3 Nick Holden              Marco Scandella                                   24     1   2  2  
 4 Torey Krug               Alex Goligoski                                    8      1   2  2  

PowerPlay Forward 
   Center                   Left Wing                Right Wing               Time % Phy DF OF 
 1 Anze Kopitar             Kyle Connor              Bryan Rust               52     0   2  3  
 2 Elias Lindholm           Tanner Pearson           Jakub Voracek            48     0   2  3  

PowerPlay Defense
   Defense                  Defense                                           Time % Phy DF OF 
 1 Torey Krug               Nikita Zaitsev                                    52     1   2  2  
 2 Duncan Keith             Alex Goligoski                                    48     1   2  2  

Penalty Kill 4 Players Forward 
   Center                   Wing                     Time % Phy DF OF 
 1 Vincent Trocheck         Mattias Janmark          52     1   2  2  
 2 Johan Larsson            Tanner Pearson           48     1   2  2  

Penalty Kill 4 Players Defense
   Defense                  Defense                  Time % Phy DF OF 
 1 Nick Holden              Marco Scandella          52     1   2  2  
 2 Duncan Keith             Alex Goligoski           48     1   2  2  

Penalty Kill - 3 Players Forward 
   Forward                                           Time % Phy DF OF 
 1 Johan Larsson                                     52     1   3  1  
 2 Curtis Lazar                                      48     1   3  1  

Penalty Kill - 3 Players Defense
   Defense                  Defense                  Time % Phy DF OF 
 1 Torey Krug               Nikita Zaitsev           52     1   2  2  
 2 Nick Holden              Marco Scandella          48     1   2  2  

4 vs 4 Forward 
   Center                   Wing                     Time % Phy DF OF 
 1 Anze Kopitar             Kyle Connor              52     1   2  2  
 2 Elias Lindholm           Jakub Voracek            48     1   2  2  

4 vs 4 Defense
   Defense                  Defense                  Time % Phy DF OF 
 1 Duncan Keith             Alex Goligoski           52     1   2  2  
 2 Torey Krug               Nikita Zaitsev           48     1   2  2  

Last Minutes Offensive
   Center                   Left Wing                Right Wing               Defense                  Defense                  
   Anze Kopitar             Kyle Connor              Bryan Rust               Duncan Keith             Alex Goligoski           

Last Minutes Defensive
   Center                   Left Wing                Right Wing               Defense                  Defense                  
   Vincent Trocheck         Tanner Pearson           Mattias Janmark          Nick Holden              Marco Scandella          

Goaltenders
Starting : Carter Hart              
Backup : Jack Campbell            

Extra Forwards
Normal : Tanner Pearson, Jakub Voracek, Derek Grant - PP : Mattias Janmark, Johan Larsson - PK : Bryan Rust
Extra Defensemen
Normal : Nick Holden, Nikita Zaitsev, Marco Scandella - PP : Nick Holden - PK : Marco Scandella, Alex Goligoski
Penalty Shots
Anze Kopitar, Bryan Rust, Kyle Connor, Elias Lindholm, Jakub Voracek
Custom OT Lines Forwards
Anze Kopitar, Bryan Rust, Kyle Connor, Elias Lindholm, Jakub Voracek, Vincent Trocheck, Tanner Pearson, Mattias Janmark, Derek Grant, Johan Larsson
Custom OT Lines Defensemen
Duncan Keith, Alex Goligoski, Torey Krug, Nikita Zaitsev, Nick Holden

Scratches
None

EDMONTON ICE

5 vs 5 Forward 
   Center                   Left Wing                Right Wing               Time % Phy DF OF 
 1 Ryan O'Reilly            Anthony Mantha           Timo Meier               37     0   1  4  
 2 Mikko Koivu              Jaden Schwartz           Joel Eriksson Ek         32     0   2  3  
 3 Boone Jenner             Ondrej Kase              Patric Hornqvist         24     0   3  2  
 4 Ivan Barbashev           Mathieu Perreault        Brendan Perlini          7      0   4  1  

5 vs 5 Defense 
   Defense                  Defense                                           Time % Phy DF OF 
 1 Jeff Petry               Shea Theodore                                     37     0   2  3  
 2 Jack Johnson             Colton Parayko                                    32     1   2  2  
 3 Calvin De Haan           Markus Nutivaara                                  24     0   4  1  
 4 Jack Johnson             Jeff Petry                                        7      0   3  2  

PowerPlay Forward 
   Center                   Left Wing                Right Wing               Time % Phy DF OF 
 1 Ryan O'Reilly            Jaden Schwartz           Anthony Mantha           57     0   1  4  
 2 Joel Eriksson Ek         Timo Meier               Patric Hornqvist         43     0   1  4  

PowerPlay Defense
   Defense                  Defense                                           Time % Phy DF OF 
 1 Jeff Petry               Shea Theodore                                     57     0   1  4  
 2 Markus Nutivaara         Colton Parayko                                    43     0   1  4  

Penalty Kill 4 Players Forward 
   Center                   Wing                     Time % Phy DF OF 
 1 Boone Jenner             Ondrej Kase              57     0   4  1  
 2 Mikko Koivu              Mathieu Perreault        43     0   4  1  

Penalty Kill 4 Players Defense
   Defense                  Defense                  Time % Phy DF OF 
 1 Calvin De Haan           Colton Parayko           57     0   4  1  
 2 Jack Johnson             Jeff Petry               43     0   4  1  

Penalty Kill - 3 Players Forward 
   Forward                                           Time % Phy DF OF 
 1 Boone Jenner                                      55     0   5  0  
 2 Mikko Koivu                                       45     0   5  0  

Penalty Kill - 3 Players Defense
   Defense                  Defense                  Time % Phy DF OF 
 1 Calvin De Haan           Colton Parayko           55     0   5  0  
 2 Jack Johnson             Jeff Petry               45     0   5  0  

4 vs 4 Forward 
   Center                   Wing                     Time % Phy DF OF 
 1 Ryan O'Reilly            Timo Meier               55     1   2  2  
 2 Mikko Koivu              Jaden Schwartz           45     1   2  2  

4 vs 4 Defense
   Defense                  Defense                  Time % Phy DF OF 
 1 Jeff Petry               Colton Parayko           55     1   2  2  
 2 Jack Johnson             Markus Nutivaara         45     1   2  2  

Last Minutes Offensive
   Center                   Left Wing                Right Wing               Defense                  Defense                  
   Ryan O'Reilly            Jaden Schwartz           Anthony Mantha           Jeff Petry               Shea Theodore            

Last Minutes Defensive
   Center                   Left Wing                Right Wing               Defense                  Defense                  
   Boone Jenner             Ondrej Kase              Timo Meier               Calvin De Haan           Colton Parayko           

Goaltenders
Starting : Jake Allen               
Backup : Philipp Grubauer         

Extra Forwards
Normal : Timo Meier, Joel Eriksson Ek, Ondrej Kase - PP : Ondrej Kase, Mikko Koivu - PK : Ryan O'Reilly
Extra Defensemen
Normal : Shea Theodore, Colton Parayko, Jeff Petry - PP : Jack Johnson - PK : Shea Theodore, Markus Nutivaara
Penalty Shots
Ryan O'Reilly, Anthony Mantha, Jaden Schwartz, Timo Meier, Patric Hornqvist
Custom OT Lines Forwards
Ryan O'Reilly, Anthony Mantha, Jaden Schwartz, Timo Meier, Joel Eriksson Ek, Ondrej Kase, Mikko Koivu, Boone Jenner, Patric Hornqvist, Ivan Barbashev
Custom OT Lines Defensemen
Jeff Petry, Colton Parayko, Shea Theodore, Jack Johnson, Markus Nutivaara

Scratches
None


% Time on Ice - VICTORIA GLADIATORS

Lines # - Real PCT - Wanted PCT - Time Play
Normal Forward
1 - 37% - 36% - 17:21
2 - 32% - 32% - 15:11
3 - 23% - 24% - 10:49
4 - 8% - 8% - 3:42
Normal Defense
1 - 35% - 36% - 16:40
2 - 32% - 32% - 14:55
3 - 30% - 24% - 13:56
4 - 3% - 8% - 1:32
PP Forward
1 - 49% - 52% - 5:21
2 - 51% - 48% - 5:37
PP Defense
1 - 53% - 52% - 5:49
2 - 47% - 48% - 5:09
PK Forward
1 - 0% - 52%
2 - 0% - 48%
PK Defense
1 - 0% - 52%
2 - 0% - 48%
PK3 Forward
1 - 0% - 52%
2 - 0% - 48%
PK3 Defense
1 - 0% - 52%
2 - 0% - 48%
44 Forward
1 - 44% - 52% - 0:52
2 - 56% - 48% - 1:07
44 Defense
1 - 56% - 52% - 1:07
2 - 44% - 48% - 0:52
Last Minute Offensive  - 0:00
Last Minute Defensive  - 0:00
Total
Forward - 60:00
Defense - 60:00

% Time on Ice - EDMONTON ICE

Lines # - Real PCT - Wanted PCT - Time Play
Normal Forward
1 - 37% - 37% - 17:27
2 - 33% - 32% - 15:20
3 - 23% - 24% - 10:40
4 - 8% - 7% - 3:36
Normal Defense
1 - 39% - 37% - 18:18
2 - 31% - 32% - 14:43
3 - 27% - 24% - 12:55
4 - 2% - 7% - 1:07
PP Forward
1 - 0% - 57%
2 - 0% - 43%
PP Defense
1 - 0% - 57%
2 - 0% - 43%
PK Forward
1 - 62% - 57% - 6:03
2 - 38% - 43% - 3:43
PK Defense
1 - 51% - 57% - 4:58
2 - 49% - 43% - 4:48
PK3 Forward
1 - 54% - 55% - 0:39
2 - 46% - 45% - 0:33
PK3 Defense
1 - 50% - 55% - 0:36
2 - 50% - 45% - 0:36
44 Forward
1 - 69% - 55% - 1:22
2 - 31% - 45% - 0:37
44 Defense
1 - 62% - 55% - 1:14
2 - 38% - 45% - 0:45
Last Minute Offensive  - 0:00
Last Minute Defensive  - 0:00
Total
Forward - 60:00
Defense - 60:00

Play-by-Play

1st period


0:01 of 1st period - Anze Kopitar wins face-off versus Ryan O'Reilly in neutral zone.
0:18 of 1st period - Shot by Anze Kopitar.
0:18 of 1st period - Stopped by Jake Allen without a rebound.
0:18 of 1st period - Minor Penalty to Jeff Petry for Holding.
0:19 of 1st period - Elias Lindholm wins face-off versus Boone Jenner in EDMONTON ICE zone.
1:15 of 1st period - Shot by Bryan Rust.
1:15 of 1st period - Shot Blocked by Mikko Koivu.
1:17 of 1st period - Shot by Alex Goligoski.
1:17 of 1st period - Shot Misses the Net.
1:19 of 1st period - Shot by Anze Kopitar.
1:19 of 1st period - Shot Misses the Net.
1:21 of 1st period - Shot by Duncan Keith.
1:21 of 1st period - Shot Blocked by Jack Johnson.
1:23 of 1st period - Shot by Bryan Rust.
1:23 of 1st period - Shot Blocked by Jack Johnson.
1:25 of 1st period - Shot by Alex Goligoski.
1:25 of 1st period - Shot Blocked by Mikko Koivu.
1:27 of 1st period - Shot by Duncan Keith.
1:27 of 1st period - Shot Hit the Post.
1:29 of 1st period - Shot by Duncan Keith.
1:29 of 1st period - Shot Misses the Net.
1:31 of 1st period - Shot by Alex Goligoski.
1:31 of 1st period - Stopped by Jake Allen without a rebound.
1:32 of 1st period - Boone Jenner wins face-off versus Anze Kopitar in EDMONTON ICE zone.
1:32 of 1st period - Boone Jenner is hit by Anze Kopitar.
1:52 of 1st period - Ondrej Kase is hit by Bryan Rust and loses puck.
2:26 of 1st period - Anthony Mantha is hit by Derek Grant and loses puck.
2:53 of 1st period - Icing by Curtis Lazar.
2:54 of 1st period - Derek Grant wins face-off versus Mikko Koivu in VICTORIA GLADIATORS zone.
3:19 of 1st period - Shot by Joel Eriksson Ek.
3:19 of 1st period - Shot Blocked by Derek Grant.
3:21 of 1st period - Shot by Jack Johnson.
3:21 of 1st period - Shot Misses the Net.
3:23 of 1st period - Shot by Colton Parayko.
3:23 of 1st period - Shot Blocked by Curtis Lazar.
3:25 of 1st period - Shot by Mikko Koivu.
3:25 of 1st period - Stopped by Carter Hart without a rebound.
3:26 of 1st period - Vincent Trocheck wins face-off versus Boone Jenner in VICTORIA GLADIATORS zone.
3:26 of 1st period - Vincent Trocheck is hit by Patric Hornqvist.
3:29 of 1st period - Icing by Elias Lindholm.
3:30 of 1st period - Boone Jenner wins face-off versus Vincent Trocheck in VICTORIA GLADIATORS zone.
3:44 of 1st period - Off-side.
3:45 of 1st period - Joel Eriksson Ek wins face-off versus Anze Kopitar in neutral zone.
3:48 of 1st period - Shot by Mikko Koivu.
3:48 of 1st period - Stopped by Carter Hart without a rebound.
3:49 of 1st period - Mikko Koivu wins face-off versus Anze Kopitar in VICTORIA GLADIATORS zone.
4:33 of 1st period - Shot by Anze Kopitar.
4:33 of 1st period - Shot Misses the Net.
4:49 of 1st period - Minor Penalty to Jack Johnson for Holding.
4:50 of 1st period - Boone Jenner wins face-off versus Elias Lindholm in EDMONTON ICE zone.
5:05 of 1st period - Shot by Jakub Voracek.
5:05 of 1st period - Goal by Jakub Voracek - VICTORIA GLADIATORS : 1 - EDMONTON ICE : 0.
5:06 of 1st period - Johan Larsson wins face-off versus Ryan O'Reilly in neutral zone.
5:10 of 1st period - Tanner Pearson is hit by Calvin De Haan and loses puck.
5:17 of 1st period - Shot by Tanner Pearson.
5:17 of 1st period - Stopped by Jake Allen without a rebound.
5:18 of 1st period - Elias Lindholm wins face-off versus Boone Jenner in EDMONTON ICE zone.
5:52 of 1st period - Vincent Trocheck is hit by Jeff Petry and loses puck.
6:02 of 1st period - Off-side.
6:03 of 1st period - Johan Larsson wins face-off versus Timo Meier in neutral zone.
6:10 of 1st period - Shot by Ryan O'Reilly.
6:10 of 1st period - Shot Misses the Net.
6:12 of 1st period - Shot by Ryan O'Reilly.
6:12 of 1st period - Goal by Ryan O'Reilly - VICTORIA GLADIATORS : 1 - EDMONTON ICE : 1.
6:13 of 1st period - Ryan O'Reilly wins face-off versus Anze Kopitar in neutral zone.
6:38 of 1st period - Shot by Bryan Rust.
6:38 of 1st period - Stopped by Jake Allen without a rebound.
6:39 of 1st period - Boone Jenner wins face-off versus Johan Larsson in EDMONTON ICE zone.
7:24 of 1st period - Boone Jenner is hit by Tanner Pearson and loses puck.
7:52 of 1st period - Icing by Duncan Keith.
7:53 of 1st period - Vincent Trocheck wins face-off versus Ryan O'Reilly in VICTORIA GLADIATORS zone.
8:14 of 1st period - Shot by Vincent Trocheck.
8:14 of 1st period - Stopped by Jake Allen without a rebound.
8:15 of 1st period - Anze Kopitar wins face-off versus Mikko Koivu in EDMONTON ICE zone.
8:15 of 1st period - Bryan Rust is hit by Colton Parayko and loses puck.
9:06 of 1st period - Colton Parayko is hit by Anze Kopitar and loses puck.
11:19 of 1st period - Shot by Patric Hornqvist.
11:19 of 1st period - Stopped by Carter Hart without a rebound.
11:20 of 1st period - Derek Grant wins face-off versus Boone Jenner in VICTORIA GLADIATORS zone.
11:37 of 1st period - Shot by Patric Hornqvist.
11:37 of 1st period - Shot Misses the Net.
11:39 of 1st period - Shot by Jeff Petry.
11:39 of 1st period - Deflect By Patric Hornqvist.
11:39 of 1st period - Shot Blocked by Curtis Lazar.
11:41 of 1st period - Shot by Ondrej Kase.
11:41 of 1st period - Stopped by Carter Hart with a rebound.
11:43 of 1st period - Shot by Ondrej Kase.
11:43 of 1st period - Shot Misses the Net.
12:12 of 1st period - Shot by Tanner Pearson.
12:12 of 1st period - Stopped by Jake Allen without a rebound.
12:13 of 1st period - Vincent Trocheck wins face-off versus Ryan O'Reilly in EDMONTON ICE zone.
12:14 of 1st period - Shot by Elias Lindholm.
12:14 of 1st period - Shot Blocked by Colton Parayko.
12:39 of 1st period - Shot by Jakub Voracek.
12:39 of 1st period - Stopped by Jake Allen without a rebound.
12:40 of 1st period - Mikko Koivu wins face-off versus Anze Kopitar in EDMONTON ICE zone.
12:40 of 1st period - Mikko Koivu is hit by Kyle Connor.
12:49 of 1st period - Icing by Marco Scandella.
12:50 of 1st period - Ryan O'Reilly wins face-off versus Anze Kopitar in VICTORIA GLADIATORS zone.
13:21 of 1st period - Shot by Anthony Mantha.
13:21 of 1st period - Stopped by Carter Hart with a rebound.
14:00 of 1st period - Shot by Elias Lindholm.
14:00 of 1st period - Shot Misses the Net.
14:02 of 1st period - Shot by Vincent Trocheck.
14:02 of 1st period - Shot Misses the Net.
14:10 of 1st period - Shot by Jakub Voracek.
14:10 of 1st period - Stopped by Jake Allen without a rebound.
14:11 of 1st period - Johan Larsson wins face-off versus Mikko Koivu in EDMONTON ICE zone.
14:26 of 1st period - Off-side.
14:27 of 1st period - Anze Kopitar wins face-off versus Ivan Barbashev in neutral zone.
14:46 of 1st period - Colton Parayko is hit by Kyle Connor and loses puck.
15:01 of 1st period - Shot by Anze Kopitar.
15:01 of 1st period - Deflect By Bryan Rust.
15:01 of 1st period - Stopped by Jake Allen with a rebound.
15:03 of 1st period - Shot by Anze Kopitar.
15:03 of 1st period - Deflect By Bryan Rust.
15:03 of 1st period - Shot Blocked by Colton Parayko.
15:05 of 1st period - Shot by Anze Kopitar.
15:05 of 1st period - Shot Blocked by Mathieu Perreault.
15:07 of 1st period - Shot by Anze Kopitar.
15:07 of 1st period - Shot Misses the Net.
15:48 of 1st period - Jaden Schwartz is hit by Alex Goligoski and loses puck.
16:04 of 1st period - Jaden Schwartz is hit by Alex Goligoski and loses puck.
16:15 of 1st period - Shot by Mikko Koivu.
16:15 of 1st period - Shot Blocked by Alex Goligoski.
16:28 of 1st period - Icing by Alex Goligoski.
16:29 of 1st period - Ryan O'Reilly wins face-off versus Johan Larsson in VICTORIA GLADIATORS zone.
17:20 of 1st period - Shot by Jakub Voracek.
17:20 of 1st period - Stopped by Jake Allen with a rebound.
17:31 of 1st period - Icing by Ryan O'Reilly.
17:32 of 1st period - Ryan O'Reilly wins face-off versus Anze Kopitar in EDMONTON ICE zone.
18:01 of 1st period - Shot by Bryan Rust.
18:01 of 1st period - Stopped by Jake Allen without a rebound.
18:02 of 1st period - Andrew Cogliano wins face-off versus Boone Jenner in EDMONTON ICE zone.
18:28 of 1st period - Icing by Ondrej Kase.
18:29 of 1st period - Vincent Trocheck wins face-off versus Boone Jenner in EDMONTON ICE zone.
19:09 of 1st period - Shea Theodore is hit by Vincent Trocheck and loses puck.
19:13 of 1st period - Boone Jenner is hit by Nikita Zaitsev and loses puck.
19:59 of 1st period - Kyle Connor is hit by Colton Parayko and loses puck.
Goals for this period are 1 for VICTORIA GLADIATORS vs 1 for EDMONTON ICE.
Shots for this period are 12 for VICTORIA GLADIATORS vs 6 for EDMONTON ICE.

2nd period


0:01 of 2nd period - Mikko Koivu wins face-off versus Johan Larsson in neutral zone.
0:06 of 2nd period - Shot by Jaden Schwartz.
0:06 of 2nd period - Stopped by Carter Hart without a rebound.
0:07 of 2nd period - Mikko Koivu wins face-off versus Vincent Trocheck in VICTORIA GLADIATORS zone.
0:08 of 2nd period - Shot by Joel Eriksson Ek.
0:08 of 2nd period - Deflect By Jaden Schwartz.
0:08 of 2nd period - Stopped by Carter Hart without a rebound.
0:09 of 2nd period - Mikko Koivu wins face-off versus Vincent Trocheck in VICTORIA GLADIATORS zone.
0:32 of 2nd period - Shot by Jakub Voracek.
0:32 of 2nd period - Shot Blocked by Jeff Petry.
0:54 of 2nd period - Shot by Mikko Koivu.
0:54 of 2nd period - Shot Misses the Net.
1:42 of 2nd period - Shot by Ryan O'Reilly.
1:42 of 2nd period - Goal by Ryan O'Reilly - VICTORIA GLADIATORS : 1 - EDMONTON ICE : 2.
1:43 of 2nd period - Boone Jenner wins face-off versus Johan Larsson in neutral zone.
2:21 of 2nd period - Shot by Tanner Pearson.
2:21 of 2nd period - Stopped by Jake Allen without a rebound.
2:22 of 2nd period - Mikko Koivu wins face-off versus Anze Kopitar in EDMONTON ICE zone.
2:35 of 2nd period - Shot by Kyle Connor.
2:35 of 2nd period - Stopped by Jake Allen without a rebound.
2:36 of 2nd period - Vincent Trocheck wins face-off versus Ryan O'Reilly in EDMONTON ICE zone.
2:36 of 2nd period - Vincent Trocheck is hit by Markus Nutivaara.
2:57 of 2nd period - Elias Lindholm is hit by Markus Nutivaara and loses puck.
3:03 of 2nd period - Icing by Ryan O'Reilly.
3:04 of 2nd period - Ryan O'Reilly wins face-off versus Anze Kopitar in EDMONTON ICE zone.
3:31 of 2nd period - Shot by Bryan Rust.
3:31 of 2nd period - Stopped by Jake Allen without a rebound.
3:32 of 2nd period - Johan Larsson wins face-off versus Mikko Koivu in EDMONTON ICE zone.
3:40 of 2nd period - Tanner Pearson is hit by Jack Johnson and loses puck.
3:52 of 2nd period - Shot by Mikko Koivu.
3:52 of 2nd period - Stopped by Carter Hart with a rebound.
4:04 of 2nd period - Duncan Keith is hit by Joel Eriksson Ek and loses puck.
4:29 of 2nd period - Joel Eriksson Ek is hit by Alex Goligoski and loses puck.
4:58 of 2nd period - Shot by Kyle Connor.
4:58 of 2nd period - Stopped by Jake Allen without a rebound.
4:59 of 2nd period - Ryan O'Reilly wins face-off versus Vincent Trocheck in EDMONTON ICE zone.
5:08 of 2nd period - Shot by Ryan O'Reilly.
5:08 of 2nd period - Stopped by Carter Hart without a rebound.
5:09 of 2nd period - Ryan O'Reilly wins face-off versus Anze Kopitar in VICTORIA GLADIATORS zone.
5:26 of 2nd period - Shot by Anze Kopitar.
5:26 of 2nd period - Goal by Anze Kopitar - VICTORIA GLADIATORS : 2 - EDMONTON ICE : 2.
5:27 of 2nd period - Vincent Trocheck wins face-off versus Boone Jenner in neutral zone.
7:03 of 2nd period - Shot by Timo Meier.
7:03 of 2nd period - Shot Blocked by Marco Scandella.
7:29 of 2nd period - Shot by Jaden Schwartz.
7:29 of 2nd period - Stopped by Carter Hart without a rebound.
7:30 of 2nd period - Ivan Barbashev wins face-off versus Anze Kopitar in VICTORIA GLADIATORS zone.
7:35 of 2nd period - Shot by Ivan Barbashev.
7:35 of 2nd period - Shot Misses the Net.
8:06 of 2nd period - Ivan Barbashev is hit by Alex Goligoski and loses puck.
8:13 of 2nd period - Shot by Kyle Connor.
8:13 of 2nd period - Stopped by Jake Allen with a rebound.
8:15 of 2nd period - Shot by Bryan Rust.
8:15 of 2nd period - Stopped by Jake Allen with a rebound.
8:17 of 2nd period - Shot by Kyle Connor.
8:17 of 2nd period - Stopped by Jake Allen without a rebound.
8:18 of 2nd period - Mikko Koivu wins face-off versus Tanner Pearson in EDMONTON ICE zone.
8:36 of 2nd period - Icing by Duncan Keith.
8:37 of 2nd period - Ryan O'Reilly wins face-off versus Mattias Janmark in VICTORIA GLADIATORS zone.
8:45 of 2nd period - Off-side.
8:46 of 2nd period - Anze Kopitar wins face-off versus Jaden Schwartz in neutral zone.
8:58 of 2nd period - Minor Penalty to Jeff Petry for Hooking.
8:59 of 2nd period - Boone Jenner wins face-off versus Anze Kopitar in EDMONTON ICE zone.
9:38 of 2nd period - Shot by Bryan Rust.
9:38 of 2nd period - Shot Misses the Net.
11:13 of 2nd period - Shot by Andrew Cogliano.
11:13 of 2nd period - Deflect By Derek Grant.
11:13 of 2nd period - Stopped by Jake Allen without a rebound.
11:14 of 2nd period - Mikko Koivu wins face-off versus Johan Larsson in EDMONTON ICE zone.
11:14 of 2nd period - Mikko Koivu is hit by Johan Larsson.
11:45 of 2nd period - Shot by Joel Eriksson Ek.
11:45 of 2nd period - Stopped by Carter Hart without a rebound.
11:46 of 2nd period - Anze Kopitar wins face-off versus Ryan O'Reilly in VICTORIA GLADIATORS zone.
11:52 of 2nd period - Minor Penalty to Jack Johnson for Hooking.
11:53 of 2nd period - Boone Jenner wins face-off versus Anze Kopitar in EDMONTON ICE zone.
12:04 of 2nd period - Icing by Nikita Zaitsev.
12:05 of 2nd period - Boone Jenner wins face-off versus Anze Kopitar in VICTORIA GLADIATORS zone.
12:39 of 2nd period - Minor Penalty to Jeff Petry for Tripping.
12:40 of 2nd period - Boone Jenner wins face-off versus Elias Lindholm in EDMONTON ICE zone.
13:09 of 2nd period - Alex Goligoski is hit by Boone Jenner and loses puck.
13:20 of 2nd period - Shot by Boone Jenner.
13:20 of 2nd period - Shot Misses the Net.
13:35 of 2nd period - Icing by Alex Goligoski.
13:36 of 2nd period - Mikko Koivu wins face-off versus Elias Lindholm in VICTORIA GLADIATORS zone.
13:37 of 2nd period - Shot by Colton Parayko.
13:37 of 2nd period - Stopped by Carter Hart without a rebound.
13:38 of 2nd period - Anze Kopitar wins face-off versus Mikko Koivu in VICTORIA GLADIATORS zone.
13:43 of 2nd period - Mikko Koivu is hit by Anze Kopitar and loses puck.
14:46 of 2nd period - Shot by Anthony Mantha.
14:46 of 2nd period - Stopped by Carter Hart without a rebound.
14:47 of 2nd period - Ryan O'Reilly wins face-off versus Vincent Trocheck in VICTORIA GLADIATORS zone.
14:52 of 2nd period - Shot by Anthony Mantha.
14:52 of 2nd period - Shot Misses the Net.
14:58 of 2nd period - Anthony Mantha is hit by Vincent Trocheck and loses puck.
15:05 of 2nd period - Shot by Jakub Voracek.
15:05 of 2nd period - Stopped by Jake Allen without a rebound.
15:06 of 2nd period - Johan Larsson wins face-off versus Jaden Schwartz in EDMONTON ICE zone.
15:09 of 2nd period - Shot by Tanner Pearson.
15:09 of 2nd period - Stopped by Jake Allen with a rebound.
15:27 of 2nd period - Shot by Johan Larsson.
15:27 of 2nd period - Deflect By Tanner Pearson.
15:27 of 2nd period - Shot Misses the Net.
15:29 of 2nd period - Shot by Johan Larsson.
15:29 of 2nd period - Shot Misses the Net.
15:31 of 2nd period - Shot by Nick Holden.
15:31 of 2nd period - Stopped by Jake Allen without a rebound.
15:32 of 2nd period - Ryan O'Reilly wins face-off versus Anze Kopitar in EDMONTON ICE zone.
15:32 of 2nd period - Ryan O'Reilly is hit by Anze Kopitar.
15:50 of 2nd period - Shot by Bryan Rust.
15:50 of 2nd period - Deflect By Anze Kopitar.
15:50 of 2nd period - Stopped by Jake Allen without a rebound.
15:51 of 2nd period - Vincent Trocheck wins face-off versus Mikko Koivu in EDMONTON ICE zone.
16:21 of 2nd period - Nikita Zaitsev is hit by Jeff Petry.
16:24 of 2nd period - Elias Lindholm is hit by Jeff Petry and loses puck.
17:13 of 2nd period - Shot by Timo Meier.
17:13 of 2nd period - Stopped by Carter Hart with a rebound.
17:27 of 2nd period - Shot by Anze Kopitar.
17:27 of 2nd period - Shot Blocked by Colton Parayko.
17:29 of 2nd period - Shot by Bryan Rust.
17:29 of 2nd period - Shot Blocked by Ryan O'Reilly.
17:31 of 2nd period - Shot by Alex Goligoski.
17:31 of 2nd period - Shot Blocked by Jack Johnson.
17:33 of 2nd period - Shot by Kyle Connor.
17:33 of 2nd period - Stopped by Jake Allen with a rebound.
17:35 of 2nd period - Shot by Bryan Rust.
17:35 of 2nd period - Stopped by Jake Allen with a rebound.
18:03 of 2nd period - Shot by Tanner Pearson.
18:03 of 2nd period - Shot Misses the Net.
18:10 of 2nd period - Minor Penalty to Jack Johnson for Interference.
18:11 of 2nd period - Boone Jenner wins face-off versus Elias Lindholm in EDMONTON ICE zone.
18:11 of 2nd period - Boone Jenner is hit by Tanner Pearson.
Goals for this period are 1 for VICTORIA GLADIATORS vs 1 for EDMONTON ICE.
Shots for this period are 15 for VICTORIA GLADIATORS vs 10 for EDMONTON ICE.

3rd period


0:01 of 3rd period - Anze Kopitar wins face-off versus Ondrej Kase in neutral zone.
0:01 of 3rd period - Anze Kopitar is hit by Boone Jenner.
0:06 of 3rd period - Torey Krug is hit by Calvin De Haan and loses puck.
0:26 of 3rd period - Icing by Anthony Mantha.
0:27 of 3rd period - Anze Kopitar wins face-off versus Ryan O'Reilly in EDMONTON ICE zone.
0:34 of 3rd period - Shot by Bryan Rust.
0:34 of 3rd period - Deflect By Kyle Connor.
0:34 of 3rd period - Stopped by Jake Allen without a rebound.
0:35 of 3rd period - Anze Kopitar wins face-off versus Boone Jenner in EDMONTON ICE zone.
1:48 of 3rd period - Minor Penalty to Joel Eriksson Ek for Holding.
1:49 of 3rd period - Mikko Koivu wins face-off versus Elias Lindholm in EDMONTON ICE zone.
2:33 of 3rd period - Shot by Elias Lindholm.
2:33 of 3rd period - Stopped by Jake Allen without a rebound.
2:34 of 3rd period - Mikko Koivu wins face-off versus Anze Kopitar in EDMONTON ICE zone.
2:43 of 3rd period - Shot by Anze Kopitar.
2:43 of 3rd period - Shot Misses the Net.
2:55 of 3rd period - Shot by Kyle Connor.
2:55 of 3rd period - Stopped by Jake Allen without a rebound.
2:56 of 3rd period - Boone Jenner wins face-off versus Elias Lindholm in EDMONTON ICE zone.
3:48 of 3rd period - Icing by Nikita Zaitsev.
3:49 of 3rd period - Ryan O'Reilly wins face-off versus Derek Grant in VICTORIA GLADIATORS zone.
3:58 of 3rd period - Shot by Ryan O'Reilly.
3:58 of 3rd period - Shot Blocked by Marco Scandella.
4:07 of 3rd period - Icing by Nick Holden.
4:08 of 3rd period - Mikko Koivu wins face-off versus Derek Grant in VICTORIA GLADIATORS zone.
4:29 of 3rd period - Shot by Jaden Schwartz.
4:29 of 3rd period - Shot Misses the Net.
5:11 of 3rd period - Shot by Ryan O'Reilly.
5:11 of 3rd period - Stopped by Carter Hart without a rebound.
5:12 of 3rd period - Boone Jenner wins face-off versus Vincent Trocheck in VICTORIA GLADIATORS zone.
5:12 of 3rd period - Boone Jenner is hit by Alex Goligoski.
5:17 of 3rd period - Ondrej Kase is hit by Alex Goligoski and loses puck.
5:23 of 3rd period - Icing by Duncan Keith.
5:24 of 3rd period - Ryan O'Reilly wins face-off versus Vincent Trocheck in VICTORIA GLADIATORS zone.
5:59 of 3rd period - Shot by Anthony Mantha.
5:59 of 3rd period - Shot Misses the Net.
6:37 of 3rd period - Shot by Bryan Rust.
6:37 of 3rd period - Shot Blocked by Shea Theodore.
6:39 of 3rd period - Shot by Torey Krug.
6:39 of 3rd period - Shot Misses the Net.
6:41 of 3rd period - Shot by Kyle Connor.
6:41 of 3rd period - Stopped by Jake Allen without a rebound.
6:42 of 3rd period - Mikko Koivu wins face-off versus Johan Larsson in EDMONTON ICE zone.
6:58 of 3rd period - Icing by Colton Parayko.
6:59 of 3rd period - Mikko Koivu wins face-off versus Anze Kopitar in EDMONTON ICE zone.
7:25 of 3rd period - Shot by Anze Kopitar.
7:25 of 3rd period - Stopped by Jake Allen without a rebound.
7:26 of 3rd period - Johan Larsson wins face-off versus Boone Jenner in EDMONTON ICE zone.
7:39 of 3rd period - Johan Larsson is hit by Patric Hornqvist and loses puck.
7:45 of 3rd period - Minor Penalty to Markus Nutivaara for Holding Stick.
7:45 of 3rd period - Minor Penalty to Johan Larsson for Interference.
7:46 of 3rd period - Anze Kopitar wins face-off versus Ryan O'Reilly in EDMONTON ICE zone.
8:00 of 3rd period - Torey Krug is hit by Timo Meier and loses puck.
8:53 of 3rd period - Shot by Elias Lindholm.
8:53 of 3rd period - Shot Blocked by Colton Parayko.
8:59 of 3rd period - Shot by Alex Goligoski.
8:59 of 3rd period - Stopped by Jake Allen without a rebound.
9:00 of 3rd period - Mikko Koivu wins face-off versus Elias Lindholm in EDMONTON ICE zone.
9:13 of 3rd period - Shot by Jaden Schwartz.
9:13 of 3rd period - Shot Misses the Net.
9:15 of 3rd period - Shot by Jaden Schwartz.
9:15 of 3rd period - Shot Blocked by Duncan Keith.
9:36 of 3rd period - Icing by Jakub Voracek.
9:37 of 3rd period - Ryan O'Reilly wins face-off versus Elias Lindholm in VICTORIA GLADIATORS zone.
10:03 of 3rd period - Boone Jenner is hit by Nikita Zaitsev and loses puck.
10:12 of 3rd period - Ondrej Kase is hit by Anze Kopitar.
10:24 of 3rd period - Shot by Bryan Rust.
10:24 of 3rd period - Stopped by Jake Allen with a rebound.
10:26 of 3rd period - Shot by Anze Kopitar.
10:26 of 3rd period - Deflect By Bryan Rust.
10:26 of 3rd period - Stopped by Jake Allen without a rebound.
10:27 of 3rd period - Johan Larsson wins face-off versus Mikko Koivu in EDMONTON ICE zone.
11:37 of 3rd period - Nick Holden is hit by Timo Meier and loses puck.
12:38 of 3rd period - Shot by Boone Jenner.
12:38 of 3rd period - Shot Misses the Net.
12:40 of 3rd period - Shot by Patric Hornqvist.
12:40 of 3rd period - Shot Misses the Net.
12:42 of 3rd period - Shot by Ondrej Kase.
12:42 of 3rd period - Stopped by Carter Hart without a rebound.
12:43 of 3rd period - Ivan Barbashev wins face-off versus Vincent Trocheck in VICTORIA GLADIATORS zone.
13:30 of 3rd period - Shot by Jakub Voracek.
13:30 of 3rd period - Deflect By Elias Lindholm.
13:30 of 3rd period - Shot Misses the Net.
13:43 of 3rd period - Off-side.
13:44 of 3rd period - Ryan O'Reilly wins face-off versus Anze Kopitar in neutral zone.
14:05 of 3rd period - Shot by Bryan Rust.
14:05 of 3rd period - Stopped by Jake Allen without a rebound.
14:06 of 3rd period - Mikko Koivu wins face-off versus Johan Larsson in EDMONTON ICE zone.
14:10 of 3rd period - Off-side.
14:11 of 3rd period - Anze Kopitar wins face-off versus Mikko Koivu in neutral zone.
14:16 of 3rd period - Shot by Anze Kopitar.
14:16 of 3rd period - Shot Misses the Net.
14:23 of 3rd period - Icing by Colton Parayko.
14:24 of 3rd period - Mikko Koivu wins face-off versus Vincent Trocheck in EDMONTON ICE zone.
14:24 of 3rd period - Mikko Koivu is hit by Vincent Trocheck.
14:37 of 3rd period - Off-side.
14:38 of 3rd period - Ryan O'Reilly wins face-off versus Anze Kopitar in neutral zone.
14:43 of 3rd period - Shot by Timo Meier.
14:43 of 3rd period - Shot Misses the Net.
14:45 of 3rd period - Shot by Ryan O'Reilly.
14:45 of 3rd period - Shot Misses the Net.
14:47 of 3rd period - Shot by Anthony Mantha.
14:47 of 3rd period - Shot Misses the Net.
15:17 of 3rd period - Anthony Mantha is hit by Kyle Connor.
15:27 of 3rd period - Nikita Zaitsev is hit by Anthony Mantha and loses puck.
15:56 of 3rd period - Shot by Colton Parayko.
15:56 of 3rd period - Deflect By Jaden Schwartz.
15:56 of 3rd period - Shot Misses the Net.
15:58 of 3rd period - Shot by Mikko Koivu.
15:58 of 3rd period - Shot Blocked by Vincent Trocheck.
16:00 of 3rd period - Shot by Jack Johnson.
16:00 of 3rd period - Stopped by Carter Hart without a rebound.
16:01 of 3rd period - Boone Jenner wins face-off versus Johan Larsson in VICTORIA GLADIATORS zone.
16:07 of 3rd period - Icing by Mattias Janmark.
16:08 of 3rd period - Boone Jenner wins face-off versus Johan Larsson in VICTORIA GLADIATORS zone.
16:08 of 3rd period - Ondrej Kase is hit by Nick Holden and loses puck.
16:21 of 3rd period - Shot by Tanner Pearson.
16:21 of 3rd period - Stopped by Jake Allen without a rebound.
16:22 of 3rd period - Mikko Koivu wins face-off versus Vincent Trocheck in EDMONTON ICE zone.
16:33 of 3rd period - Shot by Jaden Schwartz.
16:33 of 3rd period - Stopped by Carter Hart without a rebound.
16:34 of 3rd period - Boone Jenner wins face-off versus Anze Kopitar in VICTORIA GLADIATORS zone.
16:35 of 3rd period - Shot by Patric Hornqvist.
16:35 of 3rd period - Shot Blocked by Duncan Keith.
16:45 of 3rd period - Shot by Kyle Connor.
16:45 of 3rd period - Stopped by Jake Allen without a rebound.
16:46 of 3rd period - Mikko Koivu wins face-off versus Vincent Trocheck in EDMONTON ICE zone.
16:55 of 3rd period - Icing by Vincent Trocheck.
16:56 of 3rd period - Ryan O'Reilly wins face-off versus Vincent Trocheck in VICTORIA GLADIATORS zone.
16:59 of 3rd period - Shot by Anthony Mantha.
16:59 of 3rd period - Shot Misses the Net.
17:01 of 3rd period - Shot by Anthony Mantha.
17:01 of 3rd period - Shot Blocked by Nikita Zaitsev.
17:13 of 3rd period - Shot by Timo Meier.
17:13 of 3rd period - Shot Misses the Net.
17:15 of 3rd period - Shot by Jeff Petry.
17:15 of 3rd period - Stopped by Carter Hart with a rebound.
17:33 of 3rd period - Shot by Timo Meier.
17:33 of 3rd period - Deflect By Ryan O'Reilly.
17:33 of 3rd period - Shot Blocked by Torey Krug.
17:35 of 3rd period - Shot by Timo Meier.
17:35 of 3rd period - Stopped by Carter Hart without a rebound.
17:36 of 3rd period - Boone Jenner wins face-off versus Johan Larsson in VICTORIA GLADIATORS zone.
18:12 of 3rd period - Shot by Patric Hornqvist.
18:12 of 3rd period - Stopped by Carter Hart without a rebound.
18:13 of 3rd period - Jaden Schwartz wins face-off versus Anze Kopitar in VICTORIA GLADIATORS zone.
18:44 of 3rd period - Shot by Bryan Rust.
18:44 of 3rd period - Shot Blocked by Shea Theodore.
19:43 of 3rd period - Off-side.
19:44 of 3rd period - Ryan O'Reilly wins face-off versus Johan Larsson in neutral zone.
19:54 of 3rd period - Shot by Anthony Mantha.
19:54 of 3rd period - Shot Blocked by Torey Krug.
Goals for this period are 0 for VICTORIA GLADIATORS vs 0 for EDMONTON ICE.
Shots for this period are 11 for VICTORIA GLADIATORS vs 7 for EDMONTON ICE.

Overtime #1


0:01 of 1st overtime period - Ryan O'Reilly wins face-off versus Anze Kopitar in neutral zone.
0:12 of 1st overtime period - Shot by Anthony Mantha.
0:12 of 1st overtime period - Stopped by Carter Hart with a rebound.
0:30 of 1st overtime period - Shot by Anthony Mantha.
0:30 of 1st overtime period - Shot Misses the Net.
0:32 of 1st overtime period - Shot by Anthony Mantha.
0:32 of 1st overtime period - Shot Blocked by Duncan Keith.
0:38 of 1st overtime period - Shot by Anthony Mantha.
0:38 of 1st overtime period - Shot Misses the Net.
0:40 of 1st overtime period - Shot by Ryan O'Reilly.
0:40 of 1st overtime period - Shot Blocked by Duncan Keith.
1:12 of 1st overtime period - Shot by Jaden Schwartz.
1:12 of 1st overtime period - Shot Misses the Net.
1:15 of 1st overtime period - Icing by Alex Goligoski.
1:16 of 1st overtime period - Elias Lindholm wins face-off versus Timo Meier in VICTORIA GLADIATORS zone.
2:15 of 1st overtime period - Shot by Anze Kopitar.
2:15 of 1st overtime period - Shot Misses the Net.
3:17 of 1st overtime period - Shot by Vincent Trocheck.
3:17 of 1st overtime period - Deflect By Jakub Voracek.
3:17 of 1st overtime period - Shot Misses the Net.
3:19 of 1st overtime period - Shot by Vincent Trocheck.
3:19 of 1st overtime period - Stopped by Jake Allen without a rebound.
3:20 of 1st overtime period - Anze Kopitar wins face-off versus Joel Eriksson Ek in EDMONTON ICE zone.
3:31 of 1st overtime period - Shot by Anze Kopitar.
3:31 of 1st overtime period - Stopped by Jake Allen without a rebound.
3:32 of 1st overtime period - Anze Kopitar wins face-off versus Timo Meier in EDMONTON ICE zone.
3:47 of 1st overtime period - Shot by Anze Kopitar.
3:47 of 1st overtime period - Stopped by Jake Allen without a rebound.
3:48 of 1st overtime period - Elias Lindholm wins face-off versus Ryan O'Reilly in EDMONTON ICE zone.
4:19 of 1st overtime period - Shot by Kyle Connor.
4:19 of 1st overtime period - Shot Misses the Net.
4:21 of 1st overtime period - Shot by Alex Goligoski.
4:21 of 1st overtime period - Shot Misses the Net.
4:36 of 1st overtime period - Icing by Kyle Connor.
4:37 of 1st overtime period - Elias Lindholm wins face-off versus Timo Meier in VICTORIA GLADIATORS zone.
Goals for this period are 0 for VICTORIA GLADIATORS vs 0 for EDMONTON ICE.
Shots for this period are 3 for VICTORIA GLADIATORS vs 1 for EDMONTON ICE.

ShootOut


5:00 of 1st overtime period - Round #1.
5:00 of 1st overtime period - VICTORIA GLADIATORS, Anze Kopitar.
5:00 of 1st overtime period - Stopped by Jake Allen.
5:00 of 1st overtime period - EDMONTON ICE, Ryan O'Reilly.
5:00 of 1st overtime period - Shot Misses the Net.
5:00 of 1st overtime period - Round #2.
5:00 of 1st overtime period - VICTORIA GLADIATORS, Bryan Rust.
5:00 of 1st overtime period - Stopped by Jake Allen.
5:00 of 1st overtime period - EDMONTON ICE, Anthony Mantha.
5:00 of 1st overtime period - Stopped by Carter Hart.
5:00 of 1st overtime period - Round #3.
5:00 of 1st overtime period - VICTORIA GLADIATORS, Kyle Connor.
5:00 of 1st overtime period - Goal by Kyle Connor.
5:00 of 1st overtime period - EDMONTON ICE, Jaden Schwartz.
5:00 of 1st overtime period - Stopped by Carter Hart.


JOHNNY
GAUDREAU
MATTHEW
BOLDY
OWEN
TIPPETT

EAST COAST

HOCKEY LEAGUE

  • 29.PIT6MAN7
  • 30.ATL6NHW2
  • 31.WOR4PET3
  • 32.3RHI4
  • 33.CHIQUE
  • 34.LIMCHA
  • 35.LONTRV
  • 36.BALCHW